AoeStats
← Bonaparte

Arabia

508637277Analyzed
2v2 RM · 9d ago on Sep 23, 2026· 46m 7s· 4 players
Game mode
Random Map
Map size
Medium (4 player)
Population
200
Speed
Normal
Resources
Standard
Victory
Conquest
Starting age
Dark Age
Ending age
Imperial Age
RankedLock teamsTeams togetherTeam positionsShared explorationLock speedFull tech treeHidden civsTurbo modeCheats
Victory
Defeat
🇫🇷 Ethiopians · France
1121
+14
🇫🇷 Franks · France
1086
+15
🇲🇴 Turks · Macao SAR China
1071
-15
🇳🇱 Bengalis · Netherlands
1062
-14
King_Cyrus
0:26 Loom
10:01 Feudal Age
11:29 Wheelbarrow
10:41 Double-Bit Axe
12:39 Gold Mining
21:23 Castle Age
19:26 Fletching
22:25 Hand Cart
23:34 Crossbowman
32:03 Forging
32:18 Scale Barding Armor
32:08 Bodkin Arrow
32:47 Thumb Ring
33:55 Bloodlines
38:48 Chain Barding Armor
39:04 Iron Casting
43:04 Imperial Age
TuskedPrism59
11:04 Feudal Age
9:20 Loom
15:45 Castle Age
15:02 Wheelbarrow
16:00 Double-Bit Axe
19:51 Horse Collar
22:14 Padded Archer Armor
22:52 Fletching
24:23 Leather Archer Armor
27:50 Bow Saw
28:20 Forging
28:32 Hand Cart
28:23 Gold Mining
29:17 Scale Barding Armor
34:14 Gold Shaft Mining
34:03 Bodkin Arrow
34:54 Heavy Plow
35:09 Husbandry
39:32 Imperial Age
37:28 Bloodlines
37:46 Elite Skirmisher
39:38 Iron Casting
39:25 Chain Barding Armor
microllax
4:32 Loom
11:14 Feudal Age
14:26 Gold Mining
17:21 Castle Age
15:41 Double-Bit Axe
18:44 Scale Barding Armor
21:16 Husbandry
24:56 Forging
27:23 Iron Casting
28:51 Gold Shaft Mining
29:06 Stone Mining
30:05 Chain Barding Armor
30:23 Bow Saw
36:04 Imperial Age
36:31 Wheelbarrow
35:42 Town Watch
36:56 Chivalry
37:40 Cavalier
42:05 Paladin
44:55 Plate Barding Armor
45:21 Blast Furnace
Bonaparte
0:34 Loom
10:54 Feudal Age
17:47 Castle Age
16:14 Double-Bit Axe
16:12 Horse Collar
17:38 Wheelbarrow
17:03 Fletching
17:24 Gold Mining
17:51 Padded Archer Armor
19:10 Bow Saw
19:23 Heavy Plow
20:44 Town Watch
21:42 Crossbowman
22:56 Ballistics
25:31 Thumb Ring
25:57 Bodkin Arrow
27:33 Hand Cart
29:31 Stone Mining
30:19 Gold Shaft Mining
30:38 Leather Archer Armor
31:33 Stone Shaft Mining
35:50 Imperial Age
35:53 Arbalester
36:34 Bracer
37:04 Ring Archer Armor
36:46 Town Patrol
37:55 Two-Man Saw
37:53 Forging
37:44 Scale Mail Armor
38:08 Conscription
39:51 Iron Casting
39:21 Capped Ram
40:55 Siege Ram
43:05 Chemistry
42:11 Siege Engineers
42:17 Masonry
42:02 Murder Holes
43:43 Squires
43:04 Halberdier
43:29 Arson
46:35 Blast Furnace
45:50 Chain Mail Armor
46:10 Architecture
Connection lost

Rejoining the realm…

Still unreachable

The connection could not be restored.

Session expired

The server has moved on; the page needs a fresh start.